 Dungeon Crawl Stone Soup version 0.29-a0-330-g52719c12eb (webtiles) character file.

Game seed: 17266811994707253272

2619 kae the Firebug (level 9, -12/109 HPs)
             Began as a Demigod Fire Elementalist on May 30, 2022.
             Mangled by an orc warrior
             ... wielding the +9 great sword of Past Mistakes {elec, Contam rF+ rC+ rN+}
              (16 damage)
             ... in a bailey.
             The game lasted 00:07:54 (10685 turns).

kae the Firebug (Demigod Fire Elementalist)        Turns: 10685, Time: 00:07:54

Health: -12/109    AC: 28    Str:  9    XL:     9   Next: 12%
Magic:  16/20      EV:  2    Int: 29    God:
Gold:   254        SH:  0    Dex: 14    Spells: 5/18 levels left

rFire   . . .      SeeInvis .   m - +0 morningstar
rCold   . . .      Faith    .   (no shield)
rNeg    . . .      Spirit   .   (body armour currently unavailable)
rPois   +          Reflect  .   (helmet currently unavailable)
rElec   .          Harm     .   (cloak currently unavailable)
rCorr   .          Rampage  .   (gloves currently unavailable)
Will    .....      NoTele   +   (boots currently unavailable)
Stlth   ++........              (no amulet)
HPRegen 0.28/turn               f - +4 ring of protection
MPRegen 0.17/turn               (no ring)

@: tree-form
A: stationary, stasis, torment immunity, boosted hp, high MP 1, forlorn, divine
attributes
a: no special abilities


You were in a bailey.
You were a tree.
You visited 1 branch of the dungeon, and saw 8 of its levels.
You also visited: Bailey.

You collected 324 gold pieces.
You spent 70 gold pieces at shops.

Inventory:

Hand Weapons
 m - a +0 morningstar (weapon)
Missiles
 i - 2 throwing nets
Armour
 a - a +0 robe
 h - a +0 pair of gloves (melded)
 j - a scarf of invisibility (melded)
 r - a +2 robe of fire resistance (melded)
Jewellery
 f - a +4 ring of protection (left branch)
Wands
 p - a wand of mindburst (10)
 v - a wand of iceblast (11)
Scrolls
 k - 2 scrolls of identify
 n - 5 scrolls of teleportation
 q - 3 scrolls of enchant weapon
Potions
 b - 2 potions of magic
 e - 6 potions of curing
 g - a potion of berserk rage
 l - 2 potions of ambrosia
 o - a potion of haste
 s - a potion of flight
 t - a potion of might
 u - a potion of brilliance


   Skills:
 + Level 4.9 Fighting
 + Level 5.4 Dodging
 - Level 2.0 Stealth
 + Level 5.0 Spellcasting
 + Level 5.1 Conjurations
 + Level 5.8 Fire Magic


You had 5 spell levels left.
You knew the following spells:

 Your Spells              Type           Power      Damage    Failure   Level
a - Foxfire               Conj/Fire      100%       2x1d9     1%          1
b - Scorch                Fire           82%        2d9       1%          2
c - Conjure Flame         Conj/Fire      39%        6-21      1%          3
d - Inner Flame           Hex/Fire       24%        N/A       5%          3
e - Flame Wave            Conj/Fire      39%        2d9       6%          4

Your spell library contained the following spells:

 Spells                   Type           Power      Damage    Failure   Level
 Magic Dart               Conj           100%       1d8       1%          1
 Call Imp                 Summ           7%         N/A       10%         2
 Mephitic Cloud           Conj/Pois/Air  17%        N/A       10%         3


Dungeon Overview and Level Annotations

Branches:
Dungeon (8/15)             Temple (0/1) D:6          Bailey (1/1)
   Lair: D:8-11

Shops:
D:3 =   D:7 ?

Annotations:
D:8 exclusion: gnoll Bailey exclusion: door


Innate Abilities, Weirdness & Mutations

You are a tree.
Your roots penetrate the ground, keeping you stationary.
You cannot be teleported.
You are immune to unholy pain and torment.
Your maximum health is greatly increased.
Your equipment is partially melded.
You have an increased reservoir of magic. (+10% MP)
You shall have no god before yourself.
Your divine heritage dramatically boosts your attributes as you level up.


Message History

The orc warrior is lightly wounded.
The foxfire hits the orc warrior.
The orc warrior resists.
The orc warrior is lightly wounded.
You enter the shallow water.
Moving in this stuff is going to be slow.
The orc warrior hits you with the +9 great sword of Past Mistakes {elec, Contam rF+ rC+ rN+}!!
You are electrocuted!
The orc warrior hits you with the +9 great sword of Past Mistakes {elec, Contam rF+ rC+ rN+}!
You are electrocuted!
* * * LOW HITPOINT WARNING * * *
Okay, then.
Okay, then.
Okay, then.
Okay, then.
The orc warrior attacks as you move away!
The orc warrior hits you with the +9 great sword of Past Mistakes {elec, Contam rF+ rC+ rN+}.
* * * LOW HITPOINT WARNING * * *
Really quaff the potion of lignification?
You turn into a tree.
Your scarf of invisibility melds into your body.
Your +0 pair of gloves melds into your body.
Your +2 robe of fire resistance melds into your body.
You feel less resistant to fire.
Your roots penetrate the ground.
The orc warrior hits you but does no damage.
Casting: Foxfire (safe; 1% risk of failure)
Confirm with . or Enter, or press ? or * to list all spells.
Flames lash the orc warrior but do no damage.
You hear a shout!
The orc warrior hits you with the +9 great sword of Past Mistakes {elec, Contam rF+ rC+ rN+}!
* * * LOW HITPOINT WARNING * * *
The orc warrior hits you with the +9 great sword of Past Mistakes {elec, Contam rF+ rC+ rN+}!
* * * LOW HITPOINT WARNING * * *
Casting: Scorch (safe; 1% risk of failure)
Confirm with . or Enter, or press ? or * to list all spells.
Flames lash the orc warrior.
The orc warrior resists.
The orc warrior is lightly wounded.
The orc warrior's fire resistance burns away.
The orc warrior is engulfed in a cloud of scalding steam.
The orc warrior hits you with the +9 great sword of Past Mistakes {elec, Contam rF+ rC+ rN+}!
You die...

#∩.)≈..#'# ...⌠∩⌠. #..≈≈
#.≈≈..## # ≈≈§§..§≈ ##..≈
#.≈..## .≈§§≈≈§ ##.. #.≈.##
...... ##.
#.≈.#########'###'#############.
#.≈).........##.....##..........
#.≈≈≈≈≈)≈)≈≈..##.∩.##..≈≈≈≈≈≈≈≈≈
#......)...≈≈..## ##..≈≈........
##########..≈≈.♣###.)≈≈..#######
##..≈o.....≈)..##
##..≈≈≈≈≈≈≈..## ##.........##
###########


You could see an orc warrior (combustible).

Vanquished Creatures
  Eustachio (D:4)
  4 orc warriors (Bailey)
  3 sky beasts
  2 ice beasts (D:5)
  2 ogres
  A phantom (D:5)
  A necrophage (D:7)
  3 bullfrogs
  A kobold brigand (D:7)
  3 scorpions
  5 wights (D:7)
  2 jellies (D:7)
  A gnoll shaman (D:4)
  An orc priest (D:6)
  A hound (D:7)
  4 iguanas
  4 orc wizards
  12 gnolls
  6 adders
  An ufetubus (D:5)
  3 worms
  4 dart slugs
  22 orcs
  7 ball pythons
  A bat (D:2)
  10 endoplasms
  7 giant cockroaches
  13 goblins
  3 hobgoblins (D:2)
  10 jackals
  10 kobolds
  4 quokkas
  4 frilled lizards
  2 rats
158 creatures vanquished.

Vanquished Creatures (collateral kills)
  A foxfire (D:7)
1 creature vanquished.

Vanquished Creatures (others)
  693 foxfires
693 creatures vanquished.

Grand Total: 852 creatures vanquished

Notes
Turn   | Place    | Note
-------+----------+-------------------------------------------
     0 | D:1      | kae the Demigod Fire Elementalist began the quest for the
                  | Orb.
     0 | D:1      | Reached XP level 1. HP: 14/14 MP: 5/5
   174 | D:1      | Reached skill level 1 in Conjurations
   488 | D:1      | Reached XP level 2. HP: 20/20 MP: 4/7
   491 | D:1      | Learned a level 2 spell: Scorch
  1244 | D:2      | Reached XP level 3. HP: 27/27 MP: 0/8
  1794 | D:2      | Learned a level 3 spell: Conjure Flame
  2240 | D:2      | Reached skill level 1 in Fighting
  2517 | D:3      | Reached XP level 4. HP: 35/35 MP: 7/10
  2783 | D:3      | Found Luehed's Jewellery Shop.
  3213 | D:4      | Noticed an ogre
  3237 | D:4      | Killed an ogre
  3238 | D:4      | Reached XP level 5. HP: 41/41 MP: 1/11
  4051 | D:4      | Reached XP level 6. HP: 16/48 MP: 2/13
  4696 | D:4      | HP: 1/48 [gnoll shaman/+0 whip (3)]
  5412 | D:5      | Entered Level 5 of the Dungeon
  6080 | D:5      | Reached XP level 7. HP: 41/56 MP: 0/15
  6462 | D:5      | Noticed Eustachio
  6587 | D:4      | Killed Eustachio
  7415 | D:6      | Found a staircase to the Ecumenical Temple.
  7476 | D:6      | Reached XP level 8. HP: 63/64 MP: 2/17
  7631 | D:6      | Learned a level 3 spell: Inner Flame
  7636 | D:6      | Learned a level 4 spell: Flame Wave
  7832 | D:6      | Reached skill level 5 in Fire Magic
  8526 | D:7      | Found Yxixoil's Magic Scroll Shoppe.
  8535 | D:7      | Bought a scroll of identify for 28 gold pieces
  8535 | D:7      | Bought a scroll of teleportation for 42 gold pieces
  9023 | D:7      | Reached skill level 5 in Dodging
 10087 | D:8      | Found a flagged portal.
 10097 | Bailey   | Entered a bailey
 10252 | Bailey   | Reached skill level 5 in Conjurations
 10252 | Bailey   | Reached XP level 9. HP: 65/72 MP: 15/19
 10510 | Bailey   | Identified the +9 great sword of Past Mistakes {elec,
                  | Contam rF+ rC+ rN+}
 10519 | Bailey   | Reached skill level 5 in Spellcasting
 10684 | Bailey   | HP: 4/109 [orc warrior/the +9 great sword of Past Mistakes
                  | {elec, Contam rF+ rC+ rN+} (7)]
 10685 | Bailey   | Mangled by an orc warrior

Illustrated notes

Levels and vault maps discovered:
D:1:      shiori_arrival_elements, layout_basic,
          shapermc_ecumenical_altar_notcrosses, minmay_tetromino_s2
D:2:      layout_basic, basic_altar
D:3:      layout_rooms, serial_shops, nicolae_shop_advertising_works
          [nicolae_subvault_shop_adworks], kennysheep_minor_cross
D:4:      layout_loops_corners, nicolae_overflow_hidden_temple,
          chequers_serial_rivers_large_a
D:5:      layout_cave_pods, uniq_eustachio
D:6:      layout_basic, mainiacjoe_overflow_six_doors_small,
          minmay_temple_entry_stoned_glass
D:7:      layout_basic, mainiacjoe_overflow_boulevard,
          chequers_temple_overflow_minitemple, serial_shops,
          nicolae_shop_temple_entry_statues_fountains, serial_park_tiny_2
D:8:      layout_rooms, lemuel_round_altar, enter_bailey_3
Bailey:   bailey_polearm_1, bailey

Skill      XL: |  1  2  3  4  5  6  7  8  9 |
---------------+----------------------------+-----
Conjurations   | 1 2 3 4 5 |  5.1
Stealth        | 2 |  2.0
Dodging        | 2 3 4 5 |  5.4
Spellcasting   | 2 3 4 5 |  5.0
Fire Magic     | 3 4 5 |  5.8
Fighting       | 1 2 3 4 |  4.9

Action                   |  1- 3 |  4- 6 |  7- 9 || total
-------------------------+-------+-------+-------++-------
Melee: Unarmed           |     6 |       |       ||     6
       Morningstar       |       |    10 |     2 ||    12
       Punch             |       |     1 |       ||     1
 Cast: Foxfire           |   100 |   141 |   157 ||   398
       Conjure Flame     |       |     5 |     5 ||    10
       Scorch            |       |    36 |    27 ||    63
       Inner Flame       |       |       |     2 ||     2
       Flame Wave        |       |       |     1 ||     1
  Use: Scroll            |     4 |     9 |     7 ||    20
       Potion            |     1 |     3 |     2 ||     6
Armor: Robe              |     9 |    33 |    16 ||    58
       Skin              |    10 |       |     1 ||    11
Dodge: Dodged            |    30 |    75 |    36 ||   141

Table legend: (Time is in decaauts)
 A = Elapsed time spent in this place.
 B = Non-inter-level travel time spent in this place.
 C = Inter-level travel time spent in this place.
 D = Time resting spent in this place.
 E = Time spent auto-exploring this place.
 F = Levels seen in this place.
 G = Mean time per level.
                   A        B        C        D        E       F      G
               +--------+--------+--------+--------+--------+-----+--------+
         Total |  10720 |  10431 |    289 |    962 |   7776 |   9 | 1191.1 |
       Dungeon |  10122 |   9833 |    289 |    714 |   7571 |   8 | 1265.2 |
        Bailey |    598 |    598 |      0 |    248 |    205 |   1 |  598.0 |
               +--------+--------+--------+--------+--------+-----+--------+

Top non-repeatable levels by time:
     D:4: 2543 daAuts
     D:5: 1776 daAuts
     D:7: 1439 daAuts
     D:2: 1203 daAuts
     D:6: 1118 daAuts
     D:1: 1098 daAuts
     D:3: 800 daAuts
  Bailey: 598 daAuts
     D:8: 141 daAuts
